 Dungeon Crawl Stone Soup version 0.30.0-5-g1a98f26d00 (webtiles) character file.

Game seed: 18147364739579976404

65 Cheops the Ruffian (level 4, -1/38 HPs)
             Began as a Naga Transmuter on May 12, 2023.
             Slain by an adder (2 damage)
             ... on level 1 of the Dungeon.
             The game lasted 00:05:54 (1494 turns).

Cheops the Ruffian (Naga Transmuter)                Turns: 1494, Time: 00:05:55

Health: -1/38      AC:  2    Str: 11 (13) XL:     4   Next: 14%
Magic:  1/7        EV:  9    Int: 14 (15) God:
Gold:   95         SH:  0    Dex:  9 (11) Spells: 3/7 levels left

rFire   . .          .
                       - Unarmed
rCold   . . .        (no shield)
rNeg    . . .        a - +0 robe
rPois   +            (helmet currently unavailable)
rElec   .            (no cloak)
rCorr   .            (no gloves)
SInv    +            (no barding)
Will    .....        (no amulet)
Stlth   +            c - ring of flight
HPRegen 0.26/turn    (no ring)
MPRegen 0.10/turn

%: no passive effects
@: appendages, flying, very slightly contaminated, very slow
A: horns 2, AC +1, large, see invisible, deformed body, poison resistance,
slowness 2, spit poison 1, naga tail 1
a: Spit Poison, End Transformation


You were on level 1 of the Dungeon.
You had temporarily grown beastly horns.
You visited 1 branch of the dungeon, and saw 2 of its levels.

You collected 95 gold pieces.

Inventory:

Armour
 a - a +0 robe (worn)
Jewellery
 c - a ring of flight (left hand)
Scrolls
 d - a scroll of identify {unknown}
 e - a scroll of poison {unknown}
 h - a scroll of magic mapping {unknown}
Potions
 b - a potion of lignification


   Skills:
 - Level 1.0 Fighting
 - Level 1.5 Dodging
 - Level 4.0 Unarmed Combat
 - Level 2.0 Spellcasting
 - Level 2.2 Transmutations
 + Level 3.2 Poison Magic


You had 3 spell levels left.
You knew the following spells:

 Your Spells              Type           Power      Damage    Failure   Level
a - Beastly Appendage     Tmut           14%        N/A       10%         1
s - Spider Form           Tmut/Pois      8%         N/A       24%         3

Your spell library contained the following spells:

 Spells                   Type           Power      Damage    Failure   Level
 Wereblood                Tmut           7%         N/A       14%         2
 Ice Form                 Ice/Tmut       4%         N/A       83%         4


Dungeon Overview and Level Annotations

Branches:
Dungeon (2/15)

Altars:

Annotations:
D:2 Sigmund


Innate Abilities, Weirdness & Mutations

You have temporarily grown beastly horns.
Your serpentine skin is tough. (AC +1)
You have supernaturally acute eyesight. (SInv)
Armour fits poorly on your strangely shaped body.
Your system is resistant to poisons. (rPois)
You cover ground very slowly.
You can spit poison.
You have a snake-like lower body.


Message History

You closely miss the adder.
The adder is almost dead.
The adder bites you but does no damage. The orc hits you but does no damage.
You closely miss the adder.
The adder is almost dead.
The adder barely misses you. The orc hits you with a +0 short sword.
* * * LOW HITPOINT WARNING * * *
The adder closely misses you.
You barely miss the adder.
The adder is almost dead.
The orc hits you with a +0 short sword.
* * * LOW HITPOINT WARNING * * *
The adder barely misses you.
You closely miss the adder.
The adder is almost dead.
The adder bites you.
* * * LOW HITPOINT WARNING * * *
The orc closely misses you.
You closely miss the adder. Your punch misses the adder.
The adder is almost dead.
The adder bites you.
* * * LOW HITPOINT WARNING * * *
The orc hits you with a +0 short sword.
* * * LOW HITPOINT WARNING * * *
Casting: Spider Form (quite dangerous; 22% risk of failure)
Confirm with . or Enter, or press ? or * to list all spells.
You grow a pair of large bovine horns.
The adder misses you. The orc hits you with a +0 short sword.
* * * LOW HITPOINT WARNING * * *
You closely miss the adder.
The adder is almost dead.
You have got your breath back.
The adder bites you.
* * * LOW HITPOINT WARNING * * *
The adder closely misses you. The orc barely misses you.
It was a potion of degeneration.
There was something very wrong with that liquid.
You feel weakened.
You feel dopey.
You feel clumsy. The adder bites you.
You die...

#.†.......#.##.#.....[...
#########.........#.##.#########.
..................#.##.##### #.
#######.......#####.##.#..(# #. #
#.......# #.##.....### #. #
#.......# #.##.....+.###. #
#.......# ##........#....# #
#####'######............... #
#.[..o@÷..#'#.########. #
#......S..#.#.......... #
#.#########.##########) # #.##
#..<..# #. #
#..########.##########.
###########...'.............+....
............######.#####.####....
##################.#####.##......
................'.........'.####.


You could see an adder and an orc.

Vanquished Creatures
  An orc wizard (D:2)
  A worm (D:2)
  2 orcs (D:2)
  4 ball pythons
  5 endoplasms
  4 goblins (D:1)
  2 hobgoblins (D:1)
  4 jackals
  3 quokkas
  4 bats
  2 frilled lizards (D:1)
  A kobold (D:1)
33 creatures vanquished.

Notes
Turn   | Place    | Note
-------+----------+-------------------------------------------
     0 | D:1      | Cheops the Naga Transmuter began the quest for the Orb.
     0 | D:1      | Reached XP level 1. HP: 18/18 MP: 3/3
   169 | D:1      | Reached XP level 2. HP: 25/25 MP: 3/5
   713 | D:1      | Reached skill level 4 in Unarmed Combat
   912 | D:1      | Reached XP level 3. HP: 28/31 MP: 3/6
   916 | D:1      | Learned a level 3 spell: Spider Form
  1232 | D:2      | Reached skill level 1 in Poison Magic
  1349 | D:2      | Reached XP level 4. HP: 38/38 MP: 5/7
  1457 | D:2      | Noticed Sigmund
  1493 | D:1      | HP: 1/38 [adder (3)]
  1494 | D:1      | Slain by an adder

Illustrated notes

Levels and vault maps discovered:
D:1:      shiori_shiawase, layout_basic
D:2:      layout_rooms, uniq_sigmund

Skill      XL: |  1  2  3  4 |
---------------+-------------+-----
Unarmed Combat | 4 |  4.0
Poison Magic   | 2 3 |  3.2
Fighting       | |  1.0
Dodging        | |  1.5
Spellcasting   | |  2.0
Transmutations | |  2.2

Action                     |  1- 3 |  4- 6 || total
---------------------------+-------+-------++-------
  Melee: Unarmed           |    50 |    18 ||    68
         Headbutt          |     5 |     1 ||     6
         Punch             |     1 |       ||     1
   Cast: Beastly Appendage |    18 |     2 ||    20
         Spider Form       |       |     1 ||     1
Ability: Spit Poison       |    15 |     5 ||    20
    Use: Potion            |       |     3 ||     3
 Armour: Robe              |     9 |    10 ||    19
  Dodge: Dodged            |    32 |    33 ||    65
